 Dungeon Crawl Stone Soup version 0.23-b1-6-ga921848 (webtiles) character file.

Game seed: 3413017496626675491

62 HEYYEYAAE the Bolt Thrower (level 4, -2/30 HPs)
             Began as an Octopode Hunter on Feb 2, 2019.
             Slain by Grinder (5 damage)
             ... while paralysed by Grinder
             ... on level 3 of the Dungeon.
             The game lasted 00:00:59 (1181 turns).

HEYYEYAAE the Bolt Thrower (Octopode Hunter)        Turns: 1181, Time: 00:00:59

Health: -2/30      AC:  1    Str: 11    XL:     4   Next: 8%
Magic:  4/4        EV:  2    Int: 13    God:
Gold:   59         SH:  0    Dex: 13    Spells: 3/3 levels left

rFire    . . .     SeeInvis .   e - +1 short sword (venom)
rCold    . . .     Gourm    .   (no shield)
rNeg     . . .     Faith    .   (helmet restricted)
rPois    .         Spirit   .   (no amulet)
rElec    .         Reflect  .   (no ring)
rCorr    .         Harm     .   (no ring)
MR       .....                  (no ring)
Stlth    +++.......             (no ring)
HPRegen  0.10/turn              (no ring)
MPRegen  0.09/turn              (no ring)
                                (no ring)
                                (no ring)

@: paralysed
A: almost no armour, stealthy swim, amphibious, 8 rings, constrict 8, camouflage
1, gelatinous body 1
a: no special abilities


You were on level 3 of the Dungeon.
You were hungry.

You visited 1 branch of the dungeon, and saw 3 of its levels.

You collected 59 gold pieces.

Inventory:

Hand Weapons
 a - a +1 hand crossbow
 b - a +0 short sword
 e - a +1 short sword of venom (weapon)
Missiles
 c - 20 bolts
Scrolls
 h - a scroll of fog {unknown}
 i - 2 scrolls of identify {unknown}
 k - a scroll of enchant armour {unknown}
 n - a scroll of random uselessness {unknown}
Potions
 f - a potion of magic {unknown}
 g - a potion of mutation {unknown}
 j - 2 potions of haste {unknown}
 l - a potion of might {unknown}
 m - a potion of heal wounds {unknown}
Comestibles
 d - 5 rations


   Skills:
 + Level 2.6 Fighting
 * Level 4.8 Crossbows
 + Level 2.6 Dodging
 - Level 1.3 Stealth


You had 3 spell levels left.
You didn't know any spells.
Your spell library was empty.

Dungeon Overview and Level Annotations

Branches:
Dungeon (3/15)

Altars:
Ashenzari

Annotations:
D:3 Grinder


Innate Abilities, Weirdness & Mutations

You cannot wear most types of armour.
You are very stealthy in the water. (Stealth+)
You are amphibious.
You can wear up to eight rings at the same time.
You can use your tentacles to constrict eight enemies at once.
Your skin changes colour to match your surroundings (Stealth+).
Your rubbery body absorbs attacks. (AC +1, EV +1)


Message History

Grinder comes into view.
Found 18 gold pieces.
Grinder shouts!
Grinder gestures at you.
You suddenly lose the ability to move!
Found a scroll labeled MANUF ETWESKUY.
Grinder gestures at you. Pain shoots through your body! Grinder hits you.
Grinder hits you!
* * * LOW HITPOINT WARNING * * *
Grinder hits you.
* * * LOW HITPOINT WARNING * * *
You writhe in agony.
* * * LOW HITPOINT WARNING * * *
Grinder gestures at you. Pain shoots through your body!
* * * LOW HITPOINT WARNING * * *
Grinder hits you.
You die...

..# ..### ## ....#
.##...# ?#..$# ....#
#5..# #@# #.#
###.#### ####
#......##########...
#.#.##..............
#.#.##..#########...
# #.....# ##.#
####.## #.. #.# ###


You could see Grinder.

Vanquished Creatures
  An adder (D:2)
  An ooze (D:1)
  A dart slug (D:2)
  4 leopard geckos
  A ball python (D:2)
  3 giant cockroaches
  3 goblins
  7 hobgoblins
  4 kobolds
  8 bats
  A frilled lizard (D:2)
  5 rats
39 creatures vanquished.

Notes
Turn   | Place    | Note
-------+----------+-------------------------------------------
     0 | D:1      | HEYYEYAAE the Octopode Hunter began the quest for the Orb.
     0 | D:1      | Reached XP level 1. HP: 14/14 MP: 1/1
   104 | D:1      | Reached XP level 2. HP: 19/19 MP: 2/2
   296 | D:1      | Reached XP level 3. HP: 17/25 MP: 3/3
  1073 | D:2      | Reached XP level 4. HP: 27/30 MP: 4/4
  1124 | D:3      | Found a shattered altar of Ashenzari.
  1170 | D:3      | Noticed Grinder
  1175 | D:3      | Paralysed by Grinder for 7 turns
  1181 | D:3      | Slain by Grinder

Action                   |  1- 3 |  4- 6 || total
-------------------------+-------+-------++-------
Melee: Short sword       |    58 |     3 ||    61
       Tentacles         |    16 |       ||    16
       Constrict         |    15 |     2 ||    17
 Fire: Hand crossbow     |    14 |       ||    14
 Stab: Sleeping          |     5 |     1 ||     6
Armor: Skin              |     9 |     1 ||    10
Dodge: Dodged            |    56 |     1 ||    57
